 Dungeon Crawl Stone Soup version 0.18-a0-455-gc7d4c65 (webtiles) character file.

221 Raultor the Insei (level 5, 0/41 HPs)
             Began as a Vampire Monk on Dec 1, 2015.
             Killed by nerve-wracking pain
             ... invoked by an orc priest
              (11 damage)
             ... on level 2 of the Dungeon.
             The game lasted 00:05:45 (2238 turns).

Raultor the Insei (Vampire Monk)                    Turns: 2238, Time: 00:05:45

Health: 0/41       AC:  4    Str: 11    XL:     5   Next: 65%
Magic:  5/5        EV: 14    Int: 13    God:
Gold:   94         SH:  0    Dex: 16    Spells: 0 memorised, 4 levels left

rFire  . . .     SeeInvis +       - Unarmed
rCold  + . .     Clarity  .     i - +0 leather armour
rNeg   + + .     SustAt   .     (no shield)
rPois  +         Gourm    .     (no helmet)
rElec  .         Spirit   .     n - +0 cloak
rCorr  .         Dsmss    .     (no gloves)
rMut   .         Stasis   .     (no boots)
MR     .....                    (no amulet)
Stlth  ++........               (no ring)
                                (no ring)

@: regenerating slowly, not resistant to hostile enchantments, unstealthy
A: fangs 3, see invisible, unbreathing
a: Bat Form


You were on level 2 of the Dungeon.
You were thirsty.

You visited 1 branch of the dungeon, and saw 3 of its levels.

You collected 94 gold pieces.

Inventory:

Missiles
 f - a throwing net (quivered)
Armour
 a - a +0 robe
 i - a +0 leather armour (worn)
 n - a +0 cloak (worn)
Wands
 j - a wand of flame (29)
Scrolls
 c - 3 scrolls of identify {unknown}
 d - 2 scrolls of fog {unknown}
 g - a scroll of enchant weapon {unknown}
 k - a scroll of amnesia {unknown}
 m - 2 scrolls of magic mapping {unknown}
 o - a scroll of teleportation {unknown}
Potions
 b - 15 potions of blood
 e - a potion of curing
 h - a potion of flight {unknown}
 l - a potion of haste {unknown}
 p - a potion of mutation {unknown}


   Skills:
 + Level 3.3 Fighting
 * Level 1.9 Armour
 + Level 4.7 Dodging
 - Level 3.0 Stealth
 * Level 5.6 Unarmed Combat


You had 4 spell levels left.
You didn't know any spells.

Dungeon Overview and Level Annotations

Branches:
Dungeon (3/15)

Altars:
Okawaru

Annotations:
D:3 Robin


Innate Abilities, Weirdness & Mutations

You heal slowly.
You have razor-sharp teeth.
You have supernaturally acute eyesight.
You can survive without breathing.


Message History

Drink which item? (? for menu, Esc to quit)
It was a potion of curing.
You feel better. The goblin closely misses you.
You closely miss the goblin.
The goblin hits you with an uncursed club.
You barely miss the goblin. Your bite misses the goblin.
The goblin barely misses you.
You hit the goblin.
You kill the goblin!
The orc priest calls down the wrath of Beogh upon you.
Pain shoots through your body!
* * * LOW HITPOINT WARNING * * *
The orc wizard points at you and mumbles some strange words.
The puff of flame hits you!
* * * LOW HITPOINT WARNING * * *
You are too injured to fight recklessly!
Drink which item? (? for menu, Esc to quit)
You feel better.
The orc priest calls down the wrath of Beogh upon you.
Pain shoots through your body!
You die...

........#.###..## ♣.♣♣
.......<#.##....# ##.##
#########.##....# #.).#
#.##....# #...#
#########.####.## #)..#
........#.# #..# #####
......#.#.# ##.# ...†..#.#.#
#(## ### ......#.#.# ##@# #.#
#######...######)#######.######
....# ###....÷(oo#.....#......#
###.#####....###)........####.#
......>......)..<........# #.#
...÷..........##.....<...# #.#
.........####.##.........####.#
.........# #.##...........##.#
###......#
#.##.........#.##.###


You could see an orc priest and an orc wizard (invisible).

Vanquished Creatures
  Crazy Yiuf (D:2)
  Ijyb (D:2)
  An orc wizard (D:3)
  Natasha (thrice) (D:2)
  5 adders (D:2)
  2 oozes
  A giant gecko (D:2)
  2 orcs (D:3)
  A giant cockroach (D:1)
  8 goblins
  6 hobgoblins
  4 jackals (D:2)
  4 kobolds
  5 bats
  A giant newt (D:2)
  3 quokkas (D:2)
  6 rats
54 creatures vanquished.

Notes
Turn   | Place    | Note
--------------------------------------------------------------
     0 | D:1      | Raultor the Vampire Monk began the quest for the Orb.
     0 | D:1      | Reached XP level 1. HP: 17/17 MP: 1/1
    79 | D:1      | Reached XP level 2. HP: 16/23 MP: 2/2
   945 | D:2      | Reached XP level 3. HP: 10/28 MP: 3/3
  1251 | D:2      | Reached skill level 1 in Armour
  1445 | D:2      | Found an iron altar of Okawaru.
  1557 | D:2      | Noticed Crazy Yiuf
  1566 | D:2      | Killed Crazy Yiuf
  1566 | D:2      | Reached skill level 5 in Unarmed Combat
  1566 | D:2      | Reached XP level 4. HP: 30/35 MP: 4/4
  1637 | D:2      | Noticed Natasha
  1642 | D:2      | Killed Natasha
  1867 | D:2      | Noticed Natasha
  1888 | D:2      | Killed Natasha
  1888 | D:2      | Reached XP level 5. HP: 12/41 MP: 5/5
  1930 | D:2      | Noticed Natasha
  2113 | D:2      | Noticed Ijyb
  2139 | D:2      | Killed Ijyb
  2180 | D:2      | Killed Natasha
  2226 | D:3      | Noticed Robin
  2238 | D:2      | Killed from afar by an orc priest

Vault maps used:
D:1:      lightli_arrival_lavapool
D:2:      nrook_mini_vaults, okawaru_ov_weapons_minmay, uniq_crazy_yiuf_cottage,
          uniq_iyjb, uniq_natasha
D:3:      nicolae_dithmenos_through_a_glass_darkly,
          gammafunk_temple_overflow_elements, uniq_robin

Action                   |  1- 3 |  4- 6 || total
-------------------------+-------+-------++-------
Melee: Unarmed           |   129 |   103 ||   232
Throw: Throwing net      |     1 |       ||     1
  Use: Potion            |       |     2 ||     2
 Stab: Sleeping          |     5 |       ||     5
       Held in net/web   |     2 |       ||     2
  Eat: Corpse            |     2 |     1 ||     3
